cohdb
Replays
Latest Replays
All Replays
Popular Replays
Top Player Replays
Match Explorer
How It Works
Community
CoH3 Stats
Reddit
Sign in to upload your games and track your stats! →
Sign in with Steam
Match 40843244
Unlisted
Match 40843244
Overview
Messages
Build Orders
End
Panzergrenadier Squad
Selects Panzerjäger Kommand Battlegroup
Selects Mine Fields
Panzerpioneer Squad
250 Light Carrier
Panzergrenadier Squad
Construct Light Support Kompanie
Selects Tank Busters
Panzerjäger Squad
Combat Half-tracks
Assault Mechanized Group
Fire Support Elements
Flakvierling Half-track
Construct Mechanized Kompanie
Selects Defensive Positions
Selects Butterfly Bomb Drop
Butterfly Bomb Drop
Marder III Tank Destroyer
Veteran Squad Leaders
Panzerjäger Mechanized Group
Butterfly Bomb Drop
StuG III D Assault Gun
Selects Crew Shock Tactics
18-tonne Recovery Half-track
Napy
J_Shizlet
Germal
Pob
Pob
Pob
0
0
Comments
sign in to comment!
No comments posted yet!